Map: Abyssal Reef LE

Players

PtitDrogo - Winner!

  • Race: Protoss Protoss
  • Spawn Location: 11:00

Gerald

  • Race: Protoss Protoss
  • Spawn Location: 5:00

Event: WCS Valencia 2017

VOD

Have the link to the VOD?

Description

Time

  • Played on: July 13, 2017, 7:31 a.m.
  • Length: 10:30

All games in this series

Show
View Real Time Build Order
Export as new Build Order

PtitDrogo Protoss - Winner!

Build Orders:  

Get SALT Encoding   

  12  0:01  Probe (Chrono Boost)  
  13  0:11  Probe (Chrono Boost)  
  14  0:18  Pylon  
  14  0:22  Probe (Chrono Boost)  
  15  0:36  Probe (Chrono Boost), Gateway  
  15  0:41  Assimilator  
  16  0:46  Probe (Chrono Boost)  
  17  0:52  Assimilator  
  17  0:57  Probe (Chrono Boost)  
  18  1:07  Gateway  
  18  1:08  Probe (Chrono Boost)  
  20  1:18  Probe (Chrono Boost)  
  20  1:23  Cybernetics Core  
  20  1:29  Probe (Chrono Boost)  
  21  1:39  Probe (Chrono Boost)  
  22  1:45  Pylon  
  22  1:50  Probe (Chrono Boost)  
  23  2:02  Warp Gate (Chrono Boost)  
  23  2:03  Adept x2  
  23  2:04  Mothership Core  
  29  2:15  Pylon  
  29  2:30  Stalker  
  29  2:33  Stalker  
  33  2:51  Nexus  
  33  3:00  Pylon  
  33  3:06  Probe  
  32  3:20  Probe  
  32  3:21  Robotics Facility  
  35  3:27  Sentry x2  
  35  3:32  Probe (Chrono Boost)  
  38  3:43  Probe (Chrono Boost)  
  39  3:54  Probe (Chrono Boost)  
  40  3:55  Twilight Council  
  40  4:03  Probe (Chrono Boost)  
  40  4:04  Probe (Chrono Boost), Sentry  
  44  4:10  Observer  
  44  4:13  Probe (Chrono Boost)  
  44  4:15  Probe (Chrono Boost)  
  48  4:24  Probe (Chrono Boost)  
  48  4:25  Probe (Chrono Boost)  
  49  4:31  Immortal  
  49  4:32  Assimilator  
  49  4:35  Probe (Chrono Boost), Assimilator  
  49  4:37  Forge  
  54  4:39  Blink  
  54  4:40  Probe (Chrono Boost), Pylon  
  54  4:45  Probe (Chrono Boost)  
  56  4:51  Probe (Chrono Boost), Phoenix  
  57  4:59  Probe (Chrono Boost)  
  58  5:02  Probe (Chrono Boost)  
  59  5:09  Probe (Chrono Boost)  
  59  5:11  Protoss Ground Weapons Level 1 (Chrono Boost)  
  60  5:17  Gateway x2  
  60  5:21  Immortal  
  60  5:22  Probe  
  65  5:29  Pylon  
  65  5:34  Stalker x2  
  65  5:35  Probe  
  69  5:48  Probe  
  70  5:55  Probe, Pylon  
  71  5:59  Stalker x2  
  75  6:07  Immortal (Chrono Boost)  
  75  6:09  Probe  
  75  6:14  Probe  
  76  6:22  Gateway x2  
  76  6:30  Nexus  
  76  6:32  Pylon  
  76  6:34  Sentry  
  76  6:35  Sentry  
  80  6:47  Pylon  
  80  6:49  Warp Prism (Chrono Boost)  
  82  6:54  Pylon  
  82  7:03  Protoss Ground Weapons Level 2 (Chrono Boost)  
  74  7:09  Stalker x4  
  82  7:17  Probe  
  83  7:26  Adept x2  
  87  7:48  Stalker x6  
  97  8:11  Stalker x6  
  107  8:31  Probe  
  106  8:35  Stalker x5  
  110  8:50  Sentry  
  110  8:55  Stalker x2  
  106  9:05  Stalker x2  
  106  9:06  Stalker  
  98  9:15  Stalker x3  
  90  9:28  Stalker  
  90  9:29  Stalker x2  
  96  9:32  Observer  
  96  9:33  Probe  
  96  9:37  Stalker x2  
  94  9:41  Stalker  
  94  9:45  Probe x2  
  96  10:00  Stalker x4  
  96  10:01  Stalker  
  96  10:03  Probe  
  96  10:05  Photon Cannon  
  89  10:26  Stalker x6  
Show
View Real Time Build Order
Export as new Build Order

Gerald Protoss 

Build Orders:  

Get SALT Encoding   

  12  0:00  Probe (Chrono Boost)  
  13  0:11  Probe (Chrono Boost)  
  14  0:17  Pylon  
  14  0:22  Probe (Chrono Boost)  
  15  0:35  Probe (Chrono Boost)  
  16  0:36  Gateway  
  16  0:41  Assimilator  
  16  0:46  Probe (Chrono Boost)  
  18  0:57  Probe (Chrono Boost)  
  18  0:59  Gateway  
  18  1:07  Probe (Chrono Boost)  
  18  1:10  Assimilator  
  19  1:18  Probe (Chrono Boost)  
  20  1:24  Cybernetics Core  
  20  1:29  Probe (Chrono Boost)  
  21  1:39  Probe (Chrono Boost)  
  22  1:43  Pylon  
  22  1:50  Probe (Chrono Boost)  
  23  2:03  Mothership Core (Chrono Boost)  
  23  2:05  Stalker  
  23  2:06  Stalker  
  29  2:10  Pylon  
  29  2:16  Warp Gate (Chrono Boost)  
  29  2:21  Probe (Chrono Boost)  
  30  2:33  Probe  
  31  2:46  Nexus  
  31  2:49  Probe  
  32  2:55  Pylon  
  32  3:01  Probe  
  33  3:13  Robotics Facility  
  33  3:18  Probe  
  31  3:26  Twilight Council  
  31  3:33  Probe  
  32  3:46  Probe  
  32  3:57  Probe (Chrono Boost)  
  32  3:58  Probe (Chrono Boost)  
  32  4:00  Observer  
  35  4:02  Robotics Bay  
  35  4:09  Probe x2 (Chrono Boost)  
  37  4:12  Adept x2  
  41  4:17  Assimilator  
  41  4:19  Probe (Chrono Boost)  
  41  4:20  Probe (Chrono Boost)  
  43  4:27  Warp Prism (Chrono Boost)  
  43  4:30  Probe (Chrono Boost)  
  46  4:31  Probe (Chrono Boost)  
  46  4:38  Probe, Blink  
  47  4:42  Probe  
  49  4:48  Pylon  
  49  4:51  Probe  
  50  4:55  Probe  
  50  4:56  Gravitic Drive (Chrono Boost)  
  51  5:01  Disruptor  
  51  5:03  Probe  
  51  5:04  Assimilator  
  55  5:12  Probe  
  56  5:19  Probe  
  57  5:22  Gateway  
  57  5:23  Gateway  
  57  5:25  Gateway  
  57  5:27  Probe  
  58  5:33  Probe  
  57  5:38  Disruptor  
  57  5:39  Probe  
  58  5:45  Probe  
  58  5:46  Stalker  
  58  5:47  Stalker  
  66  5:53  Probe  
  65  5:59  Pylon  
  65  6:00  Pylon, Probe  
  66  6:05  Probe  
  67  6:17  Disruptor  
  67  6:20  Nexus  
  67  6:23  Pylon  
  70  6:25  Stalker  
  70  6:29  Stalker  
  74  6:35  Probe  
  74  6:37  Probe  
  76  6:40  Forge  
  76  6:42  Pylon  
  76  6:47  Probe  
  76  6:49  Probe  
  76  6:53  Disruptor  
  78  6:54  Stalker x3  
  84  7:08  Probe  
  84  7:09  Probe  
  84  7:10  Stalker  
  84  7:11  Stalker  
  90  7:19  Protoss Ground Weapons Level 1 (Chrono Boost)  
  90  7:20  Probe  
  90  7:21  Probe  
  92  7:26  Stalker  
  92  7:28  Pylon  
  94  7:31  Pylon  
  94  7:33  Probe, Gateway  
  95  7:38  Disruptor  
  95  7:43  Probe  
  98  7:49  Stalker x2  
  102  7:52  Probe  
  103  8:03  Probe  
  97  8:08  Stalker x3  
  97  8:09  Probe, Disruptor  
  97  8:10  Probe  
  98  8:16  Sentry x2  
  103  8:20  Probe  
  103  8:23  Mothership Core  
  103  8:25  Probe  
  98  8:32  Zealot x3, Probe  
  104  8:35  Assimilator  
  104  8:37  Assimilator  
  104  8:40  Disruptor  
  104  8:45  Stalker x2  
  100  8:56  Zealot x4  
  78  9:11  Stalker x2  
  63  9:19  Stalker x3  
  63  9:23  Disruptor  
  63  9:24  Sentry  
  64  9:41  Zealot, Sentry  
  66  9:46  Stalker x2  
  65  9:59  Stalker x2  
  67  10:05  Sentry  
  69  10:12  Zealot x2  
  65  10:20  Zealot  
  49  10:26  Zealot  
Tags
 
Add a new tag
Caveats
  • Supply blocks, unpowered buildings, or Contaminate may cause inaccurate times.
  • Supply counts are checked every 10 seconds.